 Dungeon Crawl Stone Soup version 0.32-a0-314-g526f7d4993 (webtiles) character file.

Game seed: 6128885773999856574

1669288 Cecillian the Crack Shot (level 27, 226/226 HPs)
             Began as a Gnoll Hexslinger on Feb 10, 2024.
             Was an Elder of Ashenzari.
             Escaped with the Orb
             ... and 3 runes on Feb 15, 2024!
             The game lasted 06:48:30 (68675 turns).

Cecillian the Crack Shot (Gnoll Hexslinger)        Turns: 68675, Time: 06:48:31

Health: 226/226    AC: 44    Str: 23    XL:     27
Magic:  56/56      EV: 26    Int: 13    God:    Ashenzari [****..]
Gold:   1675       SH:  0    Dex: 23    Spells: 18/67 levels left

rFire   + + +        b - +6 arbalest "Damnation" {damnation}
rCold   + + .        (shield currently unavailable)
rNeg    + + .        c - +10 plate armour of the Crushed Tables {+Inv Dex-4 SInv Stlth+}
rPois   +            A - +0 mask of the Dragon {Will+ Slay+3 SInv}
rElec   +            U - +2 ratskin cloak {*Rats rPois rN+ Str-1 Int-1 Dex+1, Bglg, Range} (curse)
rCorr   +            p - +0 pair of gloves of the Lashed Sybil {Elem, Melee} (curse)
SInv    +            P - +2 pair of boots "Shattered Adversity" {+Blink rF+ rN+, Cun, Sorc} (curse)
Will    +++++        X - amulet "I Knew You'd Do That" {Spirit rC+ Will+ MP+9 Str+3, Range, Self} (curse)
Stlth   ++           s - ring "Submission of Ashenzari" {AC+4 Str+3 Dex+6, Fort, Comp} (curse)
HPRegen 0.57/turn    e - ring "Enigmatic Suspicion" {EV+5 Str+3 Int+2 Slay+5, Sorc, Comp} (curse)
MPRegen 0.35/turn

%: clarity, guardian spirit
@: mighty, brilliant, resistant, enlightened, flying, hasted, studying 3 skills,
invisible, very quick
A: fangs 1, strong nose, distributed training, iridescent scales 1, dopey 1,
fire resistance 1, inability to read after injury 1
0: Orb of Zot
}: 3/15 runes: serpentine, barnacled, silver
a: Renounce Religion, Evoke Blink, Evoke Invisibility, Shatter the Chains


You escaped.
You worshipped Ashenzari.
Ashenzari was greatly pleased with you.
You visited 10 branches of the dungeon, and saw 48 of its levels.
You also visited: Trove.

You collected 8757 gold pieces.
You spent 7082 gold pieces at shops.

Inventory:

Hand Weapons
 a - the +7 great mace "Firestarter" {flame, immolate, rFlCloud rF++}
   (You bought it in a shop on level 1 of the Shoals)

   rFlCloud:  It grants immunity to clouds of flame.
   rF++:      It greatly protects you from fire.
 b - the +6 arbalest "Damnation" (weapon) {damnation}
   (You found it on level 3 of the Elven Halls)
 g - the +6 morningstar of the Several Places {heavy, rN+ Str+3}
   (You found it on level 4 of the Depths)

   Str+3:     It affects your strength (+3).
   rN+:       It protects you from negative energy.
Missiles
 i - 12 javelins
 H - 6 silver javelins
Armour
 c - the +10 plate armour of the Crushed Tables (worn) {+Inv Dex-4 SInv Stlth+}
   (You found it in a treasure trove)

   Dex-4:     It affects your dexterity (-4).
   SInv:      It lets you see invisible.
   +Inv:      It lets you turn invisible.
   Stlth+:    It makes you more stealthy.
 m - the +7 Kryia's mail coat {PotionHeal*2 rC+}
   (You found it in a treasure trove)

   PotionHeal*2: Potions heal its wearer twice as much.
   rC+:       It protects you from cold.
 p - the cursed +0 pair of gloves of the Lashed Sybil (worn) {Elem, Melee}
   (You found it on level 3 of the Dungeon)

   It has a curse which improves the following skills: Elements: Fire Magic, Ice
   Magic, Air Magic and Earth Magic.
   Melee Combat: Short Blades, Long Blades, Axes, Maces & Flails, Polearms,
   Staves and Unarmed Combat.
 A - the +0 mask of the Dragon (worn) {Will+ Slay+3 SInv}
   (You found it in a treasure trove)

   Slay+3:    It affects your accuracy & damage with ranged weapons and melee
   (+3).
   Will+:     It increases your willpower.
   SInv:      It lets you see invisible.
 M - the +3 pair of boots "Mopahir" {Regen+ Slay+6}
   (You found it in a treasure trove)

   Slay+6:    It affects your accuracy & damage with ranged weapons and melee
   (+6).
   Regen+:    It increases your rate of health regeneration.
 O - +0 gold dragon scales
 P - the cursed +2 pair of boots "Shattered Adversity" (worn) {+Blink rF+ rN+, Cun, Sorc}
   (You acquired it on level 2 of the Lair of Beasts)

   rF+:       It protects you from fire.
   rN+:       It protects you from negative energy.
   +Blink:    It lets you blink.
   It has a curse which improves the following skills: Cunning: Dodging and
   Stealth.
   Sorcery:   Conjurations and Alchemy.
 U - the cursed +2 ratskin cloak (worn) {*Rats rPois rN+ Str-1 Int-1 Dex+1, Bglg, Range}
   (You found it on level 10 of the Dungeon)

   *Rats:     When the wearer is hurt, rats may emerge from it to assist them.
   Str-1:     It affects your strength (-1).
   Int-1:     It affects your intelligence (-1).
   Dex+1:     It affects your dexterity (+1).
   rPois:     It protects you from poison rN+: It protects you from negative
   energy.
   It has a curse which improves the following skills: Beguiling: Hexes and
   Translocations.
   Ranged Combat: Ranged Weapons and Throwing.
Jewellery
 e - the cursed ring "Enigmatic Suspicion" (right hand) {EV+5 Str+3 Int+2 Slay+5, Sorc, Comp}
   (You bought it in a shop on level 3 of the Depths)

   [ring of evasion]

   EV+5:      It affects your evasion (+5).
   Str+3:     It affects your strength (+3).
   Int+2:     It affects your intelligence (+2).
   Slay+5:    It affects your accuracy & damage with ranged weapons and melee
   (+5).
   It has a curse which improves the following skills: Sorcery: Conjurations and
   Alchemy.
   Companions: Summonings and Necromancy.
 s - the cursed ring "Submission of Ashenzari" (left hand) {AC+4 Str+3 Dex+6, Fort, Comp}
   (You found it on level 4 of the Dungeon)

   [ring of protection]

   AC+4:      It affects your AC (+4).
   Str+3:     It affects your strength (+3).
   Dex+6:     It affects your dexterity (+6).
   It has a curse which improves the following skills: Fortitude: Armour and
   Shields.
   Companions: Summonings and Necromancy.
 X - the cursed amulet "I Knew You'd Do That" (around neck) {Spirit rC+ Will+ MP+9 Str+3, Range, Self}
   (You bought it in a shop on level 4 of the Snake Pit)

   [amulet of guardian spirit]

   Spirit:    It causes incoming damage to be divided between your reserves of
   health and magic.
   Str+3:     It affects your strength (+3).
   rC+:       It protects you from cold.
   Will+:     It increases your willpower.
   MP+9:      It affects your magic capacity (+9).
   It has a curse which improves the following skills: Ranged Combat: Ranged
   Weapons and Throwing.
   Introspection: Fighting and Spellcasting.
Wands
 C - a wand of digging (6)
 E - a wand of flame (53)
 G - a wand of acid (29)
 I - a wand of paralysis (41)
 K - a wand of roots (52)
 S - a wand of mindburst (23)
Scrolls
 d - 3 scrolls of revelation
 h - 5 scrolls of teleportation
 n - a scroll of summoning
 q - 5 scrolls of poison
 x - a scroll of vulnerability
 y - 6 scrolls of fear
 N - 11 scrolls of enchant armour
 R - a scroll of fog
 V - a scroll of brand weapon
 W - 5 scrolls of immolation
 Y - 2 scrolls of blinking
 Z - 8 scrolls of enchant weapon
Potions
 f - 13 potions of curing
 j - a potion of ambrosia
 k - 7 potions of haste
 l - 2 potions of cancellation
 o - 9 potions of heal wounds
 u - 8 potions of brilliance
 v - a potion of magic
 z - 8 potions of lignification
 B - 5 potions of invisibility
 D - 2 potions of resistance
 F - 3 potions of mutation
 L - 3 potions of enlightenment
Miscellaneous
 r - a tin of tremorstones (2/2)
 t - a lightning rod (4/4)
 w - a phantom mirror
 J - a phial of floods


   Skills:
 + Level 18.8(20.4) Fighting
 + Level 18.7(20.3) Short Blades
 + Level 18.7(20.3) Long Blades
 + Level 18.7(20.3) Axes
 + Level 18.7(20.3) Maces & Flails
 + Level 18.7(20.3) Polearms
 + Level 18.7(20.3) Staves
 + Level 22.1(24.4) Ranged Weapons
 + Level 22.0(24.3) Throwing
 + Level 18.7(20.3) Armour
 + Level 19.2(20.8) Dodging
 + Level 18.7(20.3) Stealth
 + Level 18.7(20.3) Shields
 + Level 18.7(20.3) Unarmed Combat
 + Level 18.9(20.5) Spellcasting
 + Level 15.9(18.5) Conjurations
 + Level 16.7(18.4) Hexes
 + Level 15.9(18.5) Summonings
 + Level 15.9(18.5) Necromancy
 + Level 15.9(17.6) Translocations
 + Level 17.8(19.4) Fire Magic
 + Level 15.9(17.6) Ice Magic
 + Level 15.9(17.6) Air Magic
 + Level 15.9(17.6) Earth Magic
 + Level 15.9(18.5) Alchemy
 + Level 20.2 Invocations
 + Level 18.7 Evocations
 + Level 17.2 Shapeshifting


You had 18 spell levels left.
You knew the following spells:

 Your Spells              Type           Power      Damage    Failure   Level
a - Lee's Rapid Deconstr  Erth           36%        3d18*     1%          5
b - Manifold Assault      Tloc           73%        N/A       1%          4
c - Sublimation of Blood  Necr           75%        N/A       0%          2
d - Frozen Ramparts       Ice            100%       1d16      1%          3
e - Borgnjor's Vile Clut  Necr/Erth      37%        N/A       1%          5
f - Fugue of the Fallen   Necr           75%        N/A       1%          3
g - Ignite Poison         Fire/Alch      76%        N/A       1%          4
h - Summon Forest         Summ/Tloc      37%        N/A       1%          5
i - Necrotise             Necr           100%       1d9       0%          1
j - Passwall              Erth           73%        N/A       1%          3
k - Passage of Golubria   Tloc           73%        N/A       1%          4
l - Olgreb's Toxic Radia  Alch           75%        N/A       1%          4
m - Summon Mana Viper     Hex/Summ       75%        N/A       1%          5
n - Apportation           Tloc           100%       N/A       0%          1

Your spell library contained the following spells:

 Spells                   Type           Power      Damage    Failure   Level
 Freeze                   Ice            100%       1d10      0%          1
 Magic Dart               Conj           100%       1d8       0%          1
 Shock                    Conj/Air       100%       1d9       0%          1
 Slow                     Hex            100%       N/A       0%          1
 Sting                    Conj/Alch      100%       1d9       0%          1
 Summon Small Mammal      Summ           100%       N/A       0%          1
 Call Imp                 Summ           100%       N/A       0%          2
 Jinxbite                 Hex            100%       N/A       0%          2
 Searing Ray              Conj           100%       2d8       0%          2
 Blink                    Tloc           100%       N/A       1%          2
 Cigotuvi's Dreadful Rot  Necr/Alch/Air  100%       N/A       1%          2
 Ensorcelled Hibernation  Hex/Ice        100%       N/A       1%          2
 Lesser Beckoning         Tloc           100%       N/A       1%          2
 Momentum Strike          Conj/Tloc      100%       3d10      1%          2
 Static Discharge         Conj/Air       100%       3-8/arc   1%          2
 Call Canine Familiar     Summ           75%        N/A       1%          3
 Confusing Touch          Hex            75%        N/A       1%          3
 Dazzling Flash           Conj/Hex       100%       N/A       1%          3
 Gell's Gravitas          Tloc           73%        N/A       1%          3
 Hailstorm                Conj/Ice       74%        3d13      1%          3
 Inner Flame              Hex/Fire       76%        N/A       1%          3
 Mephitic Cloud           Conj/Alch/Air  74%        N/A       1%          3
 Ozocubu's Armour         Ice            73%        N/A       1%          3
 Sigil of Binding         Hex            75%        N/A       1%          3
 Stone Arrow              Conj/Erth      100%       3d13      1%          3
 Summon Ice Beast         Ice/Summ       74%        N/A       1%          3
 Swiftness                Air            73%        N/A       1%          3
 Tukima's Dance           Hex            75%        N/A       1%          3
 Vampiric Draining        Necr           75%        2d11      1%          3
 Volatile Blastmotes      Fire/Tloc      100%       2d18      1%          3
 Airstrike                Air            36%        2d(6-22)  1%          4
 Anguish                  Hex/Necr       37%        N/A       1%          4
 Animate Armour           Summ/Erth      100%       N/A       1%          4
 Animate Dead             Necr           75%        N/A       1%          4
 Cause Fear               Hex            37%        N/A       1%          4
 Dimensional Bullseye     Hex/Tloc       37%        N/A       1%          4
 Dispel Undead            Necr           75%        3d25      1%          4
 Flame Wave               Conj/Fire      76%        2d17      1%          4
 Fulminant Prism          Conj/Alch      37%        3d18      1%          4
 Iskenderun's Mystic Bla  Conj/Tloc      74%        2d15      1%          4
 Leda's Liquefaction      Alch/Erth      37%        N/A       1%          4
 Petrify                  Alch/Erth      74%        N/A       1%          4
 Sticky Flame             Fire/Alch      76%        2d12      1%          4
 Summon Blazeheart Golem  Fire/Summ      76%        N/A       1%          4
 Summon Lightning Spire   Summ/Air       74%        N/A       1%          4
 Vhi's Electric Charge    Tloc/Air       100%       N/A       1%          4
 Alistair's Intoxication  Alch           50%        N/A       1%          5
 Arcjolt                  Conj/Air       37%        1d47      1%          5
 Curse of Agony           Necr           75%        N/A       1%          5
 Fireball                 Conj/Fire      38%        3d16      1%          5
 Irradiate                Conj/Alch      37%        3d24      1%          5
 Metabolic Englaciation   Hex/Ice        37%        N/A       1%          5
 Silence                  Hex/Air        37%        N/A       1%          5
 Yara's Violent Unravell  Hex/Alch       37%        3d15      1%          5
 Bombard                  Conj/Erth      37%        9d6       1%          6
 Conjure Ball Lightning   Conj/Air       37%        3x3d12    1%          6
 Death Channel            Necr           37%        N/A       1%          6
 Eringya's Noxious Bog    Alch           37%        4d6       1%          6
 Plasma Beam              Fire/Air       37%        2x1d51    1%          6
 Sculpt Simulacrum        Ice/Alch       37%        N/A       1%          6
 Starburst                Conj/Fire      38%        6d11      1%          6
 Summon Cactus Giant      Summ           37%        N/A       1%          6
 Dispersal                Tloc           36%        N/A       2%          6
 Enfeeble                 Hex            37%        N/A       10%         7
 Haunt                    Necr/Summ      37%        N/A       10%         7
 Summon Hydra             Summ           37%        N/A       10%         7
 Malign Gateway           Summ/Tloc      37%        N/A       11%         7
 Ozocubu's Refrigeration  Ice            36%        4d15      13%         7
 Ignition                 Fire           38%        3d11      43%         8
 Borgnjor's Revivificati  Necr           37%        N/A       58%         8
 Discord                  Hex            37%        N/A       58%         8
 Summon Horrible Things   Summ           37%        N/A       58%         8
 Lehudib's Crystal Spear  Conj/Erth      37%        10d9      65%         8
 Disjunction              Tloc           36%        N/A       71%         8
 Maxwell's Capacitive Co  Air            36%        ∞         71%         8
 Death's Door             Necr           37%        N/A       100%        9
 Dragon's Call            Summ           37%        N/A       100%        9
 Fire Storm               Conj/Fire      38%        8d10      100%        9


Dungeon Overview and Level Annotations

Branches:
Dungeon (15/15)              Lair (5/5) D:9          Shoals (4/4) Lair:3
  Snake (4/4) Lair:3        Slime (0/5) Lair:5          Orc (2/2) D:10
    Elf (3/3) Orc:2        Vaults (5/5) D:14          Crypt (1/3) Vaults:2
 Depths (4/4) D:15            Zot (5/5) Depths:4
 Temple: D:4-7

Altars:
Ashenzari
Cheibriados
Dithmenos
Elyvilon
Fedhas
Kikubaaqudgha
Nemelex Xobeh
Sif Muna
Trog
Uskayaw
Vehumet
Xom
Zin

Shops:
D:4 =   D:6 *   D:7 [   D:10 !   D:13 [   Orc:1 :   Orc:2 (:((   Elf:2 *!(
Shoals:1 (   Snake:1 *   Snake:4 *=[:   Vaults:1 [   Vaults:5 !   Depths:1 :
Depths:2 *   Depths:3 ==!?[

Portals:
Hell: Depths:1 Depths:2 Depths:3 Depths:4
Abyss: Depths:2 Depths:3 Depths:4
Pandemonium: Depths:2 Depths:3
Ziggurat: Depths:2

Annotations:
D:9 3 runed translucent doors, Ceno's ghost, novice VSBr
Vaults:2 1 transporter
Crypt:1 Mennas


Innate Abilities, Weirdness & Mutations

You have very sharp teeth.
Your uncanny sense of smell can sniff out nearby items.
Your experience applies equally to all skills.
You are partially covered in iridescent scales. (AC +2)
You are dopey. (Int -2)
Your flesh is heat resistant. (rF+)
You occasionally lose the ability to read scrolls when taking damage.


Message History

The Orb Guardian is moderately wounded.
You shoot a damnation bolt.
The damnation bolt closely misses the Orb Guardian.
You shoot a damnation bolt.
The damnation bolt closely misses the Orb Guardian.
You shoot a damnation bolt.
The damnation bolt hits the Orb Guardian!!
The Orb Guardian is severely wounded.
The damnation bolt explodes!
The damnation engulfs the Orb Guardian!!
The Orb Guardian is almost dead.
You shoot a damnation bolt.
The damnation bolt hits the Orb Guardian!!!
You kill the Orb Guardian!
The damnation bolt explodes!
You feel yourself speed up.
You feel clever all of a sudden.
A rust devil comes into view.
You fade into invisibility!
You feel protected.
You feel very buoyant.
You fly up into the air.
You feel very mighty all of a sudden.
You shoot a damnation bolt.
The damnation bolt barely misses the rust devil.
You shoot a damnation bolt. The damnation bolt hits the rust devil!
The rust devil is moderately wounded.
The damnation bolt explodes!
The damnation engulfs the rust devil!!
The rust devil is severely wounded.
You shoot a damnation bolt.
The damnation bolt hits the rust devil!!!
You kill the rust devil!
The damnation bolt explodes!
There is a staircase leading out of the dungeon here.
Okay, then.
As you read the scroll of summoning, it crumbles to dust.
Wisps of shadow whirl around you...
As you read the scroll of summoning, it crumbles to dust.
Wisps of shadow whirl around you...
You have escaped!

##### ######g@g######
###.....J.S.....###
####.......l.........####
#..+.................'..####
#.##.................##....#
#.####.............#######.#
#.# ###.........### #.# #.#
###.....### #.# #.#
###.........### #.#


You could see a friendly endoplasm (summoned), 2 friendly goblins, a friendly
ball python (summoned) and a friendly frilled lizard (summoned).

Vanquished Creatures
  4 dread liches
  2 orbs of fire (Zot:5)
  4 ancient liches
  A juggernaut (Depths:4)
  Sojobo (Vaults:3)
  Saint Roka (Vaults:1)
  3 shard shrikes (Depths:3)
  3 Killer Klowns
  A curse toe (Zot:2)
  Vashnia (Snake:3)
  Margery (Depths:3)
  Nikola (Depths:1)
  6 golden dragons
  An electric golem (Zot:5)
  5 hellephants (Depths:3)
  Jorgrun (Shoals:3)
  24 Orb Guardians
  6 tentacled monstrosities
  A lich (Vaults:2)
  3 deep elf blademasters
  A deep elf master archer (Elf:3)
  Asterion (Depths:1)
  7 sphinxes
  15 titans
  A walking frostbound tome (Depths:2)
  An ancient champion (Vaults:2)
  4 quicksilver dragons
  5 death cobs
  12 shadow dragons
  11 tengu reavers
  14 storm dragons
  Donald (Snake:3)
  13 fire giants
  3 protean progenitors
  4 nagarajas
  Roxanne (Elf:3)
  Ilsuiw (Shoals:1)
  A draconian knight (Zot:3)
  Aizul (Shoals:3)
  3 draconian monks
  18 frost giants
  4 iron dragons
  23 vault wardens
  14 deep elf sorcerers
  4 draconian shifters
  A draconian scorcher (Zot:4)
  4 deep elf elementalists
  2 orc warlords
  5 spriggan defenders (Depths:1)
  2 ghost moths
  3 spectral caustic shrikes (Depths:2)
  A caustic shrike zombie (Depths:2)
  20 ironbound preservers
  5 draconian stormcallers
  16 stone giants
  3 formless jellyfish
  4 draconian annihilators
  6 ironbound thunderhulks
  23 very ugly things
  5 deep elf demonologists
  10 green draconians
  3 purple draconians
  7 deep elf death magi
  8 red draconians
  11 white draconians
  7 deep elf annihilators
  5 black draconians
  8 yellow draconians
  A minotaur (Shoals:4)
  A lorocyproca (D:6)
  2 war gargoyles
  5 dire elephants
  A spark wasp (Depths:2)
  2 merfolk javelineers (Shoals:4)
  18 ettins
  2 crystal guardians
  A blizzard demon (Zot:2)
  6 deep elf high priests
  8 fire dragons
  Fannar (Lair:3)
  7 ice dragons
  7 merfolk impalers
  2 entropy weavers
  16 yaktaur captains
  10 rakshasas
  Josephine (D:13)
  10 great orbs of eyes
  2 peacekeepers
  3 salamander tyrants
  5 ironbound frosthearts
  30 vault guards
  A catoblepas (D:9)
  3 alligators (Shoals:2)
  2 merfolk avatars
  7 ogre magi
  4 spriggan air magi (Depths:1)
  10 centaur warriors
  8 boulder beetles
  4 hydras
  Erica (Lair:1)
  8 anacondas
  2 death knights (D:15)
  30 dancing weapons
  A jorogumo (Zot:4)
  2 merfolk aquamancers
  7 alligator snapping turtles
  An orc high priest (Vaults:2)
  15 naga warriors
  12 two-headed ogres
  9 deep troll shamans
  7 deep troll earth magi
  4 tengu warriors
  A vampire mage (Depths:4)
  13 satyrs
  Urug (D:11)
  5 spriggan berserkers
  A soul eater (Vaults:2)
  2 occultists
  17 naga sharpshooters
  2 hell knights (Depths:3)
  6 spriggans
  Nergalle (Lair:1)
  2 shock serpents
  8 skysharks
  18 deep elf knights
  3 iron trolls
  4 skeletal warriors (Crypt:1)
  A titan skeleton (Depths:2)
  A sixfirhy (D:12)
  5 salamander mystics
  2 flayed ghosts
  10 mana vipers
  6 sea snakes
  A deep troll (shapeshifter) (Vaults:5)
  8 deep elf archers
  14 lindwurms
  53 deep trolls
  An orange crystal statue (D:15)
  2 glowing orange brains
  A shadow demon (Depths:2)
  9 naga ritualists
  8 arcanists
  14 harpies
  13 ironbound convokers
  3 phantasmal warriors
  18 deep elf pyromancers
  7 orc knights
  2 orc sorcerers (Vaults:2)
  33 deep elf zephyrmancers
  A shadow dragon skeleton (Depths:2)
  37 ugly things
  3 cyclopes
  6 necromancers
  A fire giant zombie (Depths:2)
  3 oklob plants (Lair:5)
  A shining eye (shapeshifter) (Depths:1)
  2 shining eyes (Depths:2)
  11 elephants
  16 manticores
  18 salamanders
  35 fauns
  Maurice (D:11)
  14 merfolk sirens
  12 moths of wrath
  A meliai (D:11)
  A meliai (shapeshifter) (Vaults:2)
  19 naga magi
  16 vault sentinels
  36 black mambas
  3 water nymphs
  2 eyes of devastation (Zot:2)
  A rust devil (D:1)
  3 molten gargoyles (Lair:5)
  3 kobold blastminers
  3 guardian serpents
  A guardian serpent (shapeshifter) (D:13)
  A smoke demon (Depths:2)
  12 cane toads
  An unseen horror (D:11)
  A grey draconian zombie (Crypt:1)
  A kobold demonologist (D:12)
  24 yaktaurs
  4 rime drakes
  3 tengu conjurers
  17 komodo dragons
  A red devil (D:12)
  5 trolls
  7 wind drakes
  4 freezing wraiths
  2 merfolk (shapeshifter) (Vaults:5)
  4 polar bears
  24 blink frogs
  25 merfolk
  5 hornets
  Prince Ribbit (D:9)
  A glass eye (shapeshifter) (Vaults:5)
  2 glass eyes
  12 snapping turtles
  19 water elementals
  3 vampires
  A centaur simulacrum (D:15)
  4 shadows
  A spriggan (shapeshifter) (D:14)
  45 slime creatures
  A yak (shapeshifter) (Elf:3)
  10 wraiths
  7 wyverns
  2 air elementals (Elf:1)
  2 wargs
  3 fire elementals
  5 steam dragons
  51 yaks
  6 vampire mosquitoes
  A human (Zot:4)
  A redback (Vaults:2)
  3 basilisks (Lair:5)
  38 nagas
  Duvessa (D:7)
  4 acid dragons
  12 water moccasins
  4 hell hounds (Lair:5)
  13 orc warriors
  6 black bears
  29 ogres
  A sky beast (D:6)
  2 ice beasts
  10 boggarts
  18 wolves
  8 centaurs
  6 kobold brigands
  A brain worm (D:4)
  10 bullfrogs
  A gnoll sergeant (D:9)
  7 scorpions
  An earth elemental (Elf:3)
  5 wights
  Dowan (D:7)
  A killer bee (shapeshifter) (D:15)
  20 killer bees
  4 electric eels
  A howler monkey (D:11)
  3 lava snakes (Lair:5)
  A hound (D:4)
  12 orc priests
  4 sleepcaps
  2 gnoll boudas (D:9)
  2 iguanas
  14 orc wizards
  4 hell rats (Lair:5)
  6 gnolls
  3 adders
  2 shadow imps (D:7)
  2 dart slugs
  56 orcs
  4 endoplasms
  7 giant cockroaches
  6 goblins
  10 hobgoblins
  21 kobolds
  5 quokkas
  8 ball pythons
  A ball python skeleton (D:3)
  5 bats
  3 frilled lizards
  11 rats
  A rat zombie (Crypt:1)
  3 aspiring fleshes
1939 creatures vanquished.

Vanquished Creatures (collateral kills)
  A shard shrike (Depths:3)
  A Hell Sentinel (Elf:1)
  A very ugly thing (Depths:4)
  A stone giant (Vaults:5)
  An ice dragon (Depths:4)
  An anaconda (Snake:1)
  4 dancing weapons (Elf:2)
  A hell knight (Depths:4)
  A deep elf knight (Elf:2)
  A naga ritualist (Snake:4)
  A sea snake (Shoals:1)
  An ugly thing (D:14)
  A deep elf zephyrmancer (Elf:2)
  A cyclops (D:14)
  A black mamba (Snake:3)
  A guardian serpent (Snake:1)
  A merfolk siren (Shoals:2)
  An elephant (Lair:1)
  A naga mage (Snake:1)
  A gargoyle (D:12)
  A komodo dragon (Lair:5)
  A wyvern (Lair:1)
  6 yaks
  A naga (Snake:2)
  A swamp drake (D:10)
  A gnoll sergeant (D:11)
  An orc wizard (D:10)
  An orc (D:10)
  2 butterflies (Lair:1)
38 creatures vanquished.

Vanquished Creatures (others)
  A protean progenitor (Zot:2)
  A fire giant (Depths:3)
  2 ettins
  A blizzard demon (Depths:2)
  A merfolk impaler (Depths:1)
  A jorogumo (Zot:4)
  An anaconda (Snake:2)
  A vampire mage (Depths:1)
  A deep elf knight (Elf:2)
  A salamander (Snake:2)
  A moth of wrath (Zot:4)
  A hornet (Depths:2)
  2 water elementals (Depths:1)
  A fire elemental (Elf:3)
  2 nagas
  A lava snake (Lair:5)
  3 orc wizards
  2 snaplasher vines (Elf:2)
24 creatures vanquished.

Grand Total: 2001 creatures vanquished

Notes
Turn   | Place    | Note
-------+----------+-------------------------------------------
     0 | D:1      | Cecillian the Gnoll Hexslinger began the quest for the Orb.
     0 | D:1      | Reached XP level 1. HP: 17/17 MP: 4/4
    69 | D:1      | Reached XP level 2. HP: 23/23 MP: 5/5
   304 | D:1      | Reached XP level 3. HP: 28/28 MP: 7/7
   472 | D:1      | Reached skill level 1 in Invocations
   600 | D:2      | Reached skill level 1 in Short Blades
   600 | D:2      | Reached skill level 1 in Long Blades
   600 | D:2      | Reached skill level 1 in Axes
   600 | D:2      | Reached skill level 1 in Maces & Flails
   600 | D:2      | Reached skill level 1 in Polearms
   600 | D:2      | Reached skill level 1 in Staves
   600 | D:2      | Reached skill level 1 in Throwing
   600 | D:2      | Reached skill level 1 in Armour
   600 | D:2      | Reached skill level 1 in Stealth
   600 | D:2      | Reached skill level 1 in Shields
   600 | D:2      | Reached skill level 1 in Unarmed Combat
   600 | D:2      | Reached skill level 1 in Evocations
   614 | D:2      | Found a glowing silver altar of Zin.
   698 | D:2      | Reached skill level 1 in Shapeshifting
   698 | D:2      | Reached XP level 4. HP: 19/34 MP: 8/8
   880 | D:2      | Found a faded altar of an unknown god.
   961 | D:2      | You fall into a shaft and drop 1 floor!
  1031 | D:3      | Found a white marble altar of Elyvilon.
  1072 | D:3      | Reached skill level 1 in Conjurations
  1072 | D:3      | Reached skill level 1 in Summonings
  1072 | D:3      | Reached skill level 1 in Necromancy
  1072 | D:3      | Reached skill level 1 in Translocations
  1072 | D:3      | Reached skill level 1 in Ice Magic
  1072 | D:3      | Reached skill level 1 in Air Magic
  1072 | D:3      | Reached skill level 1 in Earth Magic
  1072 | D:3      | Reached skill level 1 in Alchemy
  1092 | D:3      | Found a broken altar of Ashenzari.
  1363 | D:3      | Became a worshipper of Ashenzari the Shackled
  1754 | D:4      | Learned a level 1 spell: Slow
  1757 | D:4      | Learned a level 2 spell: Jinxbite
  1757 | D:4      | Noticed a scorpion
  1946 | D:4      | Identified the ring "Simpeq" {AC+4 Str+3 Dex+6}
  1959 | D:4      | Reached XP level 5. HP: 16/40 MP: 9/9
  2323 | D:4      | Found Luetuec's Jewellery Shoppe.
  2388 | D:4      | Found a shimmering altar of Xom.
  2393 | D:4      | Found a shimmering altar of Xom.
  2403 | D:4      | Reached XP level 6. HP: 34/47 MP: 4/11
  2597 | D:4      | Reached skill level 5 in Ranged Weapons
  2597 | D:4      | Reached skill level 5 in Dodging
  2908 | D:5      | Entered Level 5 of the Dungeon
  3135 | D:5      | Found a bloodstained altar of Trog.
  3136 | D:5      | Found a hide-covered altar of Uskayaw.
  3138 | D:5      | Found a snail-covered altar of Cheibriados.
  3191 | D:5      | Noticed a water moccasin
  3204 | D:5      | Killed a water moccasin
  3205 | D:5      | Reached XP level 7. HP: 36/52 MP: 9/12
  3516 | D:5      | Found a blossoming altar of Fedhas.
  3610 | D:5      | Found a radiant altar of Vehumet.
  3757 | D:5      | Found a sparkling altar of Nemelex Xobeh.
  4056 | D:6      | Reached XP level 8. HP: 47/60 MP: 11/14
  4067 | D:6      | Learned a level 1 spell: Necrotise
  4124 | D:6      | Reached * piety under Ashenzari
  4368 | D:6      | Found Oluisozumo's Overcharged Wands.
  4420 | D:6      | Learned a level 3 spell: Frozen Ramparts
  4612 | D:6      | Noticed a two-headed ogre
  4747 | D:6      | Killed a two-headed ogre
  4748 | D:6      | Reached skill level 5 in Fighting
  4748 | D:6      | Reached skill level 5 in Spellcasting
  4748 | D:6      | Reached XP level 9. HP: 12/68 MP: 10/16
  5117 | D:7      | Found Bouc's Antique Armour Shop.
  5310 | D:7      | Noticed Duvessa
  5311 | D:7      | Noticed Dowan
  5328 | D:7      | Killed Duvessa
  5339 | D:7      | Killed Dowan
  5448 | D:7      | Reached ** piety under Ashenzari
  5470 | D:7      | Found a shadowy altar of Dithmenos.
  5550 | D:7      | Reached skill level 5 in Invocations
  6458 | D:8      | Reached skill level 5 in Short Blades
  6458 | D:8      | Reached skill level 5 in Long Blades
  6458 | D:8      | Reached skill level 5 in Axes
  6458 | D:8      | Reached skill level 5 in Maces & Flails
  6458 | D:8      | Reached skill level 5 in Polearms
  6458 | D:8      | Reached skill level 5 in Staves
  6458 | D:8      | Reached skill level 5 in Throwing
  6458 | D:8      | Reached skill level 5 in Armour
  6458 | D:8      | Reached skill level 5 in Stealth
  6458 | D:8      | Reached skill level 5 in Shields
  6458 | D:8      | Reached skill level 5 in Unarmed Combat
  6458 | D:8      | Reached skill level 5 in Evocations
  6458 | D:8      | Reached XP level 10. HP: 77/77 MP: 15/20
  7403 | D:8      | Reached skill level 5 in Fire Magic
  7923 | D:8      | Reached skill level 5 in Shapeshifting
  8327 | D:9      | Identified a scroll of acquirement
  8365 | D:9      | Noticed a centaur warrior
  8459 | D:9      | Noticed Prince Ribbit
  8465 | D:9      | Killed Prince Ribbit
  8697 | D:9      | Killed a centaur warrior
  8698 | D:9      | Reached skill level 5 in Conjurations
  8698 | D:9      | Reached skill level 5 in Summonings
  8698 | D:9      | Reached skill level 5 in Necromancy
  8698 | D:9      | Reached skill level 5 in Translocations
  8698 | D:9      | Reached skill level 5 in Ice Magic
  8698 | D:9      | Reached skill level 5 in Air Magic
  8698 | D:9      | Reached skill level 5 in Earth Magic
  8698 | D:9      | Reached skill level 5 in Alchemy
  8698 | D:9      | Reached XP level 11. HP: 74/86 MP: 18/22
  8932 | D:9      | Found a staircase to the Lair.
  9118 | D:9      | Found a runed translucent gate.
  9118 | D:9      | Found a runed translucent gate.
  9118 | D:9      | Found a runed translucent gate.
  9119 | D:9      | Noticed Ceno's ghost (novice VSBr)
  9198 | D:9      | Identified the Precepts of the Map and Conflagration
  9214 | D:9      | Noticed a catoblepas
  9441 | D:9      | Noticed a two-headed ogre
  9918 | D:9      | Killed a catoblepas
 10089 | D:10     | Entered Level 10 of the Dungeon
 10092 | D:10     | Learned a level 1 spell: Summon Small Mammal
 10295 | D:10     | Found Ogynea's Distillery.
 10426 | D:10     | Acquired 589 gold pieces
 10432 | D:10     | Bought a potion of might for 56 gold pieces
 10432 | D:10     | Bought a potion of curing for 42 gold pieces
 10432 | D:10     | Bought a potion of heal wounds for 70 gold pieces
 10432 | D:10     | Bought a potion of curing for 42 gold pieces
 10467 | D:10     | Found the +2 ratskin cloak {*Rats rPois rN+ Str-1 Int-1
                  | Dex+1}
 11122 | D:10     | Found a staircase to the Orcish Mines.
 11321 | Lair:1   | Entered Level 1 of the Lair of Beasts
 11481 | D:9      | Reached XP level 12. HP: 86/91 MP: 21/23
 11759 | Lair:1   | Noticed Nergalle
 11767 | Lair:1   | Killed Nergalle
 12160 | Lair:1   | Noticed Erica
 12170 | Lair:1   | Upgraded the game from 0.32-a0-132-g2d33c3cfaf to
                  | 0.32-a0-136-gc02482bde3
 12482 | Lair:1   | Killed Erica
 12709 | Lair:1   | Learned a level 3 spell: Mephitic Cloud
 13207 | Lair:2   | Acquired the +2 pair of boots of the Arena {+Blink rF+ rN+}
 14175 | Lair:3   | Noticed a seven-headed hydra
 14184 | Lair:3   | Killed a six-headed hydra
 14185 | Lair:3   | Reached XP level 13. HP: 91/99 MP: 21/25
 14305 | Lair:3   | Found a staircase to the Snake Pit.
 14408 | Lair:3   | Found a staircase to the Shoals.
 14563 | Lair:3   | Noticed Fannar
 14745 | Lair:3   | Killed Fannar
 15708 | Lair:4   | Reached skill level 10 in Ranged Weapons
 15708 | Lair:4   | Reached skill level 10 in Dodging
 16203 | Lair:5   | Entered Level 5 of the Lair of Beasts
 16349 | Lair:5   | Learned a level 4 spell: Ignite Poison
 16353 | Lair:5   | Learned a level 3 spell: Dazzling Flash
 16384 | Lair:5   | Reached XP level 14. HP: 108/108 MP: 15/27
 16387 | Lair:5   | Reached skill level 10 in Invocations
 17342 | Lair:5   | Reached skill level 10 in Spellcasting
 17435 | Lair:5   | Found a large runed translucent door.
 17505 | Lair:5   | Reached skill level 10 in Fighting
 17701 | Lair:5   | Found a large runed translucent door.
 17928 | Lair:5   | Found a staircase to the Slime Pits.
 18712 | D:10     | Bought a potion of brilliance for 56 gold pieces
 18727 | D:11     | Identified the +1 pair of boots of Courage {rF+}
 19105 | D:11     | Noticed Maurice
 19119 | D:11     | Killed Maurice
 19348 | D:11     | Learned a level 3 spell: Call Canine Familiar
 19399 | D:11     | Noticed Urug
 19419 | D:11     | Killed Urug
 19420 | D:11     | Reached skill level 10 in Hexes
 19585 | D:11     | Reached *** piety under Ashenzari
 20014 | D:12     | Reached skill level 10 in Short Blades
 20014 | D:12     | Reached skill level 10 in Long Blades
 20014 | D:12     | Reached skill level 10 in Axes
 20014 | D:12     | Reached skill level 10 in Maces & Flails
 20014 | D:12     | Reached skill level 10 in Polearms
 20014 | D:12     | Reached skill level 10 in Staves
 20014 | D:12     | Reached skill level 10 in Throwing
 20014 | D:12     | Reached skill level 10 in Armour
 20014 | D:12     | Reached skill level 10 in Stealth
 20014 | D:12     | Reached skill level 10 in Shields
 20014 | D:12     | Reached skill level 10 in Unarmed Combat
 20014 | D:12     | Reached skill level 10 in Evocations
 20124 | D:12     | Reached **** piety under Ashenzari
 20914 | D:13     | Reached XP level 15. HP: 121/121 MP: 28/31
 21034 | D:13     | Noticed Josephine
 21042 | D:13     | Killed Josephine
 21175 | D:13     | Found Icokly's Superior Scales.
 21863 | D:14     | Found a gate to the Vaults.
 22605 | D:15     | Entered Level 15 of the Dungeon
 23707 | D:15     | Learned a level 1 spell: Apportation
 24096 | Orc:1    | Entered Level 1 of the Orcish Mines
 24243 | Orc:1    | Found Ynaut's Self-Improvement Boutique.
 24665 | Orc:2    | Entered Level 2 of the Orcish Mines
 24976 | Orc:2    | Reached skill level 10 in Shapeshifting
 24995 | Orc:2    | Reached XP level 16. HP: 130/130 MP: 8/33
 25166 | Orc:2    | Found Natolad's Antique Weapon Shoppe.
 25166 | Orc:2    | Found Epnaed's Book Shop.
 25166 | Orc:2    | Found Mucy's Antique Weapon Shop.
 25166 | Orc:2    | Found Jorch's Antique Weapon Emporium.
 25204 | Orc:2    | Bought a slimy war axe for 229 gold pieces
 25204 | Orc:2    | Identified the +1 war axe of the Nurturing Gods {venom,
                  | rPois rF+ Str+4} (You bought it in a shop on level 2 of the
                  | Orcish Mines)
 25223 | Orc:2    | Found a staircase to the Elven Halls.
 25418 | Orc:2    | Bought a glowing trident for 247 gold pieces
 25600 | Snake:1  | Entered Level 1 of the Snake Pit
 25874 | Snake:1  | Found Zyuph's General Store.
 25907 | Snake:1  | Bought a scroll of teleportation for 48 gold pieces
 26934 | Snake:2  | Reached skill level 10 in Fire Magic
 27409 | Snake:3  | Noticed Vashnia
 27429 | Snake:3  | Killed Vashnia
 27443 | Snake:3  | Noticed Donald
 27472 | Snake:3  | Killed Donald
 27473 | Snake:3  | Reached XP level 17. HP: 85/138 MP: 12/34
 27564 | Snake:3  | Reached skill level 10 in Conjurations
 27564 | Snake:3  | Reached skill level 10 in Summonings
 27564 | Snake:3  | Reached skill level 10 in Necromancy
 27564 | Snake:3  | Reached skill level 10 in Translocations
 27564 | Snake:3  | Reached skill level 10 in Ice Magic
 27564 | Snake:3  | Reached skill level 10 in Air Magic
 27564 | Snake:3  | Reached skill level 10 in Earth Magic
 27564 | Snake:3  | Reached skill level 10 in Alchemy
 28020 | Snake:3  | Found a shimmering blue altar of Sif Muna.
 28183 | Snake:4  | Entered Level 4 of the Snake Pit
 28650 | Snake:4  | Found Napn's Jewellery Boutique.
 28651 | Snake:4  | Found Mizofo's Book Shop.
 28651 | Snake:4  | Found Qiecu's Assorted Antiques.
 28662 | Snake:4  | Found Jamn's Armour Shop.
 28682 | Snake:4  | Bought the ring of Sututris {rN+ Int+3 Slay+3 SInv Stlth+}
                  | for 899 gold pieces
 29846 | Snake:4  | Got a serpentine rune of Zot
 30006 | Snake:4  | Found an ancient bone altar of Kikubaaqudgha.
 30230 | Snake:4  | Bought the amulet of Gin and Tonic {Spirit rC+ Will+ MP+9
                  | Str+3} for 1271 gold pieces
 30600 | Lair:1   | Learned a level 5 spell: Borgnjor's Vile Clutch
 30685 | Shoals:1 | Entered Level 1 of the Shoals
 30996 | Shoals:1 | Reached XP level 18. HP: 147/147 MP: 36/36
 31441 | Shoals:1 | Found Vaudux's Antique Weapon Shoppe.
 31689 | Shoals:2 | Noticed Ilsuiw
 31863 | Shoals:1 | Killed Ilsuiw
 33776 | Shoals:3 | Identified the serpent talisman of Saegugh {MP+9 Dex+5}
 33776 | Shoals:3 | Noticed Aizul
 34083 | Shoals:3 | Learned a level 4 spell: Passage of Golubria
 34132 | Shoals:3 | Learned a level 4 spell: Manifold Assault
 34257 | Shoals:3 | Killed Aizul
 34408 | Shoals:3 | Noticed Jorgrun
 34720 | Shoals:3 | Killed Jorgrun
 35076 | Shoals:4 | Entered Level 4 of the Shoals
 35385 | Shoals:4 | Identified the +2 scale mail "Jesif" {Harm Int+3}
 35402 | Shoals:4 | Identified the +10 trident of Diakiq {venom, Str+2}
 35420 | Shoals:4 | Reached XP level 19. HP: 112/155 MP: 19/38
 35882 | Shoals:4 | Got a barnacled rune of Zot
 36159 | Shoals:4 | Reached XP level 20. HP: 163/163 MP: 39/39
 36720 | Lair:1   | Gained mutation: You occasionally lose the ability to drink
                  | potions when taking damage. [potion of mutation]
 36720 | Lair:1   | Gained mutation: You are agile. (Dex +4, Str/Int -1)
                  | [potion of mutation]
 36720 | Lair:1   | Gained mutation: Your system is resistant to poisons.
                  | (rPois) [potion of mutation]
 36720 | Lair:1   | Gained mutation: You are very agile. (Dex +8, Str/Int -2)
                  | [potion of mutation]
 36740 | Lair:1   | Lost mutation: Your system is resistant to poisons. (rPois)
                  | [potion of mutation]
 36740 | Lair:1   | Lost mutation: You occasionally lose the ability to drink
                  | potions when taking damage. [potion of mutation]
 36740 | Lair:1   | Lost mutation: You are very agile. (Dex +8, Str/Int -2)
                  | [potion of mutation]
 36740 | Lair:1   | Gained mutation: You are partially covered in iridescent
                  | scales. (AC +2) [potion of mutation]
 36740 | Lair:1   | Gained mutation: Your magical capacity is low. (-10% MP)
                  | [potion of mutation]
 36916 | Vaults:1 | Entered Level 1 of the Vaults
 37977 | Vaults:1 | Acquired 1001 gold pieces
 37988 | Vaults:1 | Reached skill level 15 in Invocations
 38540 | Vaults:1 | Found Ycun's Antique Armour Emporium.
 39199 | Vaults:2 | Reached XP level 21. HP: 152/171 MP: 30/36
 39626 | Vaults:2 | Paralysed by a sphinx for 3 turns
 39683 | Vaults:2 | Reached skill level 15 in Ranged Weapons
 39683 | Vaults:2 | Reached skill level 15 in Dodging
 39696 | Vaults:2 | Identified the +2 robe of the Lobster {Int+3}
 39701 | Vaults:2 | Found a transporter.
 39848 | Vaults:2 | Found a shimmering blue altar of Sif Muna.
 39850 | Vaults:2 | Identified the ring "Ogoci" {Fly rN+}
 39852 | Vaults:2 | Found a transporter.
 39871 | Vaults:2 | Noticed an ancient lich
 39888 | Vaults:2 | Killed an ancient lich
 39982 | Vaults:2 | Learned a level 4 spell: Olgreb's Toxic Radiance
 40055 | Vaults:2 | Identified the +12 quarterstaff of Anguish {pain, rN+ Will-
                  | Dex+2}
 40056 | Vaults:2 | Noticed Saint Roka
 40388 | Vaults:1 | Killed Saint Roka
 41482 | Vaults:2 | Identified the cursed +0 helmet of Ashenzari's Visionary
                  | {Melee, Self} (You found it on level 12 of the Dungeon)
 41482 | Vaults:2 | Identified the cursed +0 pair of gloves of the Lashed Sybil
                  | {Elem, Melee} (You found it on level 3 of the Dungeon)
 41739 | Vaults:2 | Found a staircase to the Crypt.
 42215 | Vaults:3 | Identified the +4 ring mail of the Mind {rC+ Will+ Dex+4}
 42225 | Vaults:3 | Noticed Sojobo
 42403 | Vaults:3 | Paralysed by an air elemental for 1 turns
 42416 | Vaults:3 | Paralysed by an air elemental for 1 turns
 42420 | Vaults:3 | Paralysed by an air elemental for 1 turns
 42426 | Vaults:3 | Killed Sojobo
 42427 | Vaults:3 | Reached skill level 15 in Throwing
 42461 | Vaults:3 | Acquired 929 gold pieces
 42606 | Vaults:3 | Reached skill level 15 in Spellcasting
 42633 | Vaults:3 | Reached skill level 15 in Fighting
 42889 | Vaults:3 | Identified the +11 short sword of Dohaena {vamp, Fly rCorr}
 42902 | Vaults:3 | Acquired a book of Transmutation
 42989 | Vaults:3 | Reached XP level 22. HP: 180/180 MP: 20/38
 43013 | Vaults:3 | Identified the Precepts of the Blazing Serac
 43923 | Vaults:4 | Reached skill level 15 in Short Blades
 43923 | Vaults:4 | Reached skill level 15 in Long Blades
 43923 | Vaults:4 | Reached skill level 15 in Axes
 43923 | Vaults:4 | Reached skill level 15 in Maces & Flails
 43923 | Vaults:4 | Reached skill level 15 in Polearms
 43923 | Vaults:4 | Reached skill level 15 in Staves
 43923 | Vaults:4 | Reached skill level 15 in Armour
 43923 | Vaults:4 | Reached skill level 15 in Stealth
 43923 | Vaults:4 | Reached skill level 15 in Shields
 43923 | Vaults:4 | Reached skill level 15 in Unarmed Combat
 43923 | Vaults:4 | Reached skill level 15 in Evocations
 44164 | Vaults:4 | Found a portal to a secret trove of treasure.
 45234 | Crypt:1  | Entered Level 1 of the Crypt
 45286 | Crypt:1  | Noticed Mennas
 45772 | D:15     | Learned a level 5 spell: Lee's Rapid Deconstruction
 46077 | D:15     | Found a staircase to the Depths.
 46158 | Depths:1 | Entered Level 1 of the Depths
 46440 | Depths:1 | Noticed Asterion
 46741 | Depths:1 | Killed Asterion
 46789 | Depths:1 | Found Vamagenwo's Book Shop.
 47471 | Depths:1 | Identified the Book of Bloody Phantasms
 47711 | Depths:1 | Reached XP level 23. HP: 188/188 MP: 40/40
 48388 | Depths:1 | Found a gateway to Hell.
 48536 | Depths:2 | Noticed Nikola
 48536 | Depths:2 | Identified the +2 scale mail of Foolhardiness {-Cast rF+++
                  | Will++}
 48541 | Depths:2 | Found Zietatuoc's Assorted Antiques.
 48581 | Depths:1 | Upgraded the game from 0.32-a0-136-gc02482bde3 to
                  | 0.32-a0-290-g598725c5f2
 48632 | Depths:1 | Learned a level 5 spell: Summon Forest
 48913 | Depths:1 | Killed Nikola
 49942 | Depths:1 | Learned a level 5 spell: Irradiate
 50295 | Depths:2 | Found a one-way gateway to a ziggurat.
 50358 | Depths:2 | Found a one-way gate to the infinite horrors of the Abyss.
 50509 | Depths:2 | Found a one-way gate leading to the halls of Pandemonium.
 50914 | Depths:2 | Bought a glimmering scale mail for 369 gold pieces
 50914 | Depths:2 | Identified the +2 scale mail of Serendipity {-Tele Fly
                  | Str+2 Slay+2} (You bought it in a shop on level 2 of the
                  | Depths)
 50956 | Depths:2 | Learned a level 2 spell: Sublimation of Blood
 51624 | Depths:3 | Found Sogas's Jewellery Shoppe.
 51636 | Depths:3 | Bought the ring of Gutelos {EV+5 Str+3 Int+2 Slay+5} for
                  | 1266 gold pieces
 51833 | Depths:3 | Found Batzuhen's Jewellery Boutique.
 51839 | Depths:3 | Noticed Margery
 51853 | Depths:3 | Killed Margery
 52096 | Depths:3 | Found Kexauckef's Distillery.
 52104 | Depths:3 | Bought a potion of curing for 63 gold pieces
 52104 | Depths:3 | Bought a potion of curing for 63 gold pieces
 52106 | Depths:3 | Found Von Amp's Magic Scroll Shoppe.
 52138 | Depths:3 | Found a transporter.
 52138 | Depths:3 | Found Utaef's Antique Armour Boutique.
 52140 | Depths:3 | Found a transporter.
 52184 | Depths:3 | Bought a scroll of fog for 44 gold pieces
 52184 | Depths:3 | Bought a scroll of fog for 44 gold pieces
 52265 | Depths:3 | Found a runed translucent door.
 52310 | Depths:3 | Bought a slimy helmet for 256 gold pieces
 52310 | Depths:3 | Identified the +1 helmet of Tortelloni {rF+ rN++} (You
                  | bought it in a shop on level 3 of the Depths)
 52877 | Depths:3 | Identified the Anthology of Weather
 52882 | Depths:3 | Identified the Spellbook of Bedrock
 52882 | Depths:3 | Identified the Vellum of the Bonfire
 52883 | Depths:3 | Identified the ring "Ymahik" {rElec rF++ MP-9 AC+4 SInv}
 52914 | Depths:3 | Identified Pepiehaf's Vellum of the Deep Freeze
 53051 | Depths:3 | Noticed a shard shrike
 53054 | Depths:3 | Noticed a shard shrike
 53058 | Depths:3 | Noticed a shard shrike
 53062 | Depths:3 | Killed a shard shrike
 53063 | Depths:3 | Reached XP level 24. HP: 184/193 MP: 29/39
 53063 | Depths:3 | Noticed a shard shrike
 53079 | Depths:3 | Killed a shard shrike
 53079 | Depths:3 | Killed a shard shrike
 53080 | Depths:3 | Reached skill level 15 in Shapeshifting
 53081 | Depths:3 | Found a runed translucent door.
 53091 | Depths:3 | Killed a shard shrike
 54302 | Vaults:4 | Learned a level 5 spell: Summon Mana Viper
 54305 | Vaults:4 | You paid a toll of 6 scrolls of fog to enter a treasure
                  | trove
 54306 | Trove    | Entered a treasure trove
 54309 | Trove    | Identified the +3 pair of boots "Mopahir" {Regen+ Slay+6}
 54309 | Trove    | Identified the +10 plate armour of the Crushed Tables {+Inv
                  | Dex-4 SInv Stlth+}
 54309 | Trove    | Identified the +3 chain mail of the Sun {Dex+5}
 54309 | Trove    | Identified the scarf of Grace {+Inv, Rampage Fly rElec rF-}
 54309 | Trove    | Found the +2 cloak of the Thief {*Fog Slay-2 SInv Stlth+}
 54310 | Trove    | Found the +0 mask of the Dragon {Will+ Slay+3 SInv}
 54311 | Trove    | Identified the +2 cloak of Anaesthesia {Harm +Blink rPois
                  | rF-}
 54311 | Trove    | Found the +7 Kryia's mail coat {PotionHeal*2 rC+}
 54311 | Trove    | Identified the +1 chain mail of the True Pharaoh {rC- rN+
                  | SInv}
 54428 | Vaults:4 | Upgraded the game from 0.32-a0-290-g598725c5f2 to
                  | 0.32-a0-314-g526f7d4993
 55185 | Lair:1   | Lost mutation: You are partially covered in iridescent
                  | scales. (AC +2) [potion of mutation]
 55185 | Lair:1   | Lost mutation: You are agile. (Dex +4, Str/Int -1) [potion
                  | of mutation]
 55185 | Lair:1   | Lost mutation: Your magical capacity is low. (-10% MP)
                  | [potion of mutation]
 55185 | Lair:1   | Gained mutation: You possess an exceptional clarity of
                  | mind. [potion of mutation]
 55185 | Lair:1   | Gained mutation: Your body sometimes deteriorates upon
                  | taking damage. [potion of mutation]
 55186 | Lair:1   | Lost mutation: Your body sometimes deteriorates upon taking
                  | damage. [potion of mutation]
 55186 | Lair:1   | Lost mutation: You possess an exceptional clarity of mind.
                  | [potion of mutation]
 55186 | Lair:1   | Gained mutation: You are partially covered in iridescent
                  | scales. (AC +2) [potion of mutation]
 55186 | Lair:1   | Gained mutation: Your flesh is heat resistant. (rF+)
                  | [potion of mutation]
 55186 | Lair:1   | Gained mutation: You occasionally lose the ability to read
                  | scrolls when taking damage. [potion of mutation]
 55735 | Depths:4 | Entered Level 4 of the Depths
 55781 | Depths:4 | Identified the +6 morningstar of the Several Places {heavy,
                  | rN+ Str+3}
 55911 | Depths:4 | Noticed a juggernaut
 55941 | Depths:4 | Killed a juggernaut
 56343 | Depths:4 | Reached skill level 15 in Hexes
 56699 | Depths:4 | Found a gate to the Realm of Zot.
 57157 | Elf:1    | Entered Level 1 of the Elven Halls
 57335 | Elf:1    | You fall into a shaft and drop 1 floor!
 57753 | Elf:2    | Found a runed translucent gate.
 57753 | Elf:2    | Found a runed translucent gate.
 57753 | Elf:2    | Found a runed translucent gate.
 58974 | Elf:2    | Found Momom's Distillery.
 58993 | Elf:2    | Bought a potion of haste for 120 gold pieces
 58993 | Elf:2    | Bought a potion of heal wounds for 60 gold pieces
 58993 | Elf:2    | Bought a potion of heal wounds for 60 gold pieces
 58993 | Elf:2    | Bought a potion of mutation for 96 gold pieces
 58993 | Elf:2    | Bought a potion of heal wounds for 60 gold pieces
 59129 | Elf:2    | Reached skill level 15 in Fire Magic
 59200 | Elf:2    | Found Biar's General Store.
 59208 | Elf:2    | Bought a potion of heal wounds for 55 gold pieces
 59238 | Elf:2    | Reached XP level 25. HP: 201/201 MP: 44/44
 59278 | Elf:2    | Found Huecoimo's Weapon Shoppe.
 59465 | Elf:3    | Entered Level 3 of the Elven Halls
 59866 | Elf:3    | Noticed Roxanne
 59871 | Elf:3    | Killed Roxanne
 60254 | Elf:3    | Identified the +1 robe "Mapheilu" {rElec rF- MP+9 SInv}
 60254 | Elf:3    | Identified the ring of Ixechea {rElec rCorr Dex+6 SInv}
 60371 | Elf:3    | Identified the amulet "Zano Ela" {Acrobat Dex+2}
 60442 | Elf:3    | Identified the +5 scale mail of Inquiry {-Tele rF- Str+9
                  | Slay+6}
 60617 | Elf:3    | Identified the amulet of Fecan {RegenMP Slay+3}
 60663 | Elf:3    | Identified the Teachings on Beguiling Anemomancy
 60663 | Elf:3    | Identified the +1 sling of Wondrous Power {drain, Str+2}
 60664 | Elf:3    | Identified the Handbook of Spectres and Transfiguration
 60666 | Elf:3    | Identified the +8 longbow of Beifeics {drain, rF+ rC-
                  | Dex+3}
 60666 | Elf:3    | Identified Gupuadoo's Anthology of the Mortal Wayfarer
 60670 | Elf:3    | Found the +6 arbalest "Damnation" {damnation}
 61286 | Shoals:1 | Bought the +7 great mace "Firestarter" {flame, immolate,
                  | rFlCloud rF++} for 1566 gold pieces
 61286 | Shoals:1 | Found the +7 great mace "Firestarter" {flame, immolate,
                  | rFlCloud rF++}
 61691 | Vaults:5 | Entered Level 5 of the Vaults
 61945 | Vaults:5 | Noticed a dread lich
 62188 | Vaults:5 | Noticed a dread lich
 62448 | Vaults:5 | Killed a dread lich
 62585 | Vaults:5 | Identified the staff of the Skies Above {+Blink rC+ Int-2
                  | Summ Ice Earth}
 62604 | Vaults:5 | Got a silver rune of Zot
 62722 | Vaults:5 | Killed a dread lich
 62739 | Vaults:5 | Found Wagg's Distillery.
 62740 | Vaults:5 | Identified the +0 crystal plate armour "Uraysek" {rC+}
 62880 | Vaults:5 | Reached skill level 15 in Conjurations
 62880 | Vaults:5 | Reached skill level 15 in Summonings
 62880 | Vaults:5 | Reached skill level 15 in Necromancy
 62880 | Vaults:5 | Reached skill level 15 in Translocations
 62880 | Vaults:5 | Reached skill level 15 in Ice Magic
 62880 | Vaults:5 | Reached skill level 15 in Air Magic
 62880 | Vaults:5 | Reached skill level 15 in Earth Magic
 62880 | Vaults:5 | Reached skill level 15 in Alchemy
 62981 | Vaults:5 | Reached XP level 26. HP: 172/211 MP: 44/44
 63211 | Vaults:5 | Identified the +7 whip of Pain and Death {flame, Dex+2}
 63281 | Vaults:5 | Identified the ring of the Secret Demons {Str+4 SInv
                  | Stlth+}
 63637 | Vaults:5 | Identified the +1 morningstar of Premature Burial {spect,
                  | rElec}
 63664 | Vaults:5 | Identified the +6 orcbow "Hellblazer" {drain, rC++ Str+5
                  | SInv}
 64112 | Vaults:5 | Identified the +0 ring mail "Apnyull" {rElec Will+ Str+4}
 64214 | Vaults:5 | Identified the +1 short sword of Mithafe {flame, Str+5}
 64636 | Zot:1    | Entered Level 1 of the Realm of Zot
 64777 | Zot:2    | Noticed a Killer Klown
 64795 | Zot:2    | Killed a Killer Klown
 64920 | Zot:2    | Learned a level 3 spell: Fugue of the Fallen
 64964 | Zot:2    | Learned a level 3 spell: Passwall
 66508 | Zot:4    | Noticed an orb of fire
 66840 | Zot:5    | Entered Level 5 of the Realm of Zot
 67244 | Zot:5    | Reached XP level 27. HP: 221/224 MP: 47/47
 67300 | Zot:5    | Noticed a dread lich
 67311 | Zot:5    | Killed a dread lich
 67339 | Zot:5    | Noticed an ancient lich
 67346 | Zot:5    | Noticed an orb of fire
 67346 | Zot:5    | Noticed an ancient lich
 67358 | Zot:5    | Killed an orb of fire
 67361 | Zot:5    | Killed an ancient lich
 67367 | Zot:5    | Killed an ancient lich
 67415 | Zot:5    | Noticed an ancient lich
 67419 | Zot:5    | Killed an ancient lich
 67568 | Zot:5    | Noticed a dread lich
 67575 | Zot:5    | Killed a dread lich
 67827 | Zot:5    | Noticed an orb of fire
 67829 | Zot:5    | Gained mutation: You are dopey. (Int -2) [an orb of fire]
 67841 | Zot:5    | Killed an orb of fire
 68032 | Zot:5    | Got the Orb of Zot
 68412 | D:13     | Noticed Beumebio the pandemonium lord
 68675 | D:$      | Escaped with the Orb!

Illustrated notes

Levels and vault maps discovered:
D:1:      nzn_arrival_depleted_hourglass, layout_basic
D:2:      layout_rooms, chequers_ecumenical_altar_simple_redux, basic_altar
D:3:      layout_rooms, elyvilon_altar_3, mainiacjoe_overflow_small_starburst,
          serial_undead, serial_undead_f, serial_undead_a, serial_undead_c,
          serial_undead_a
D:4:      layout_basic, xom_redecorated, serial_shops, nicolae_square_shop,
          minivault_4, supply_closet_lemuel, hangedman_decor_lopped
D:5:      layout_loops_ring, jmf_multi_god_temple, nemelex_dance_club_becter,
          chequers_temple_overflow_statue_of_worship,
          minmay_temple_entry_from_below_a, nicolae_zig_zag_zippers
D:6:      layout_rooms, nicolae_shop_overcharged_wands
D:7:      layout_loops_ring, grunt_dithmenos_smoke_and_mirrors, serial_shops,
          nicolae_stop_n_shop_2, uniq_duvessa
D:8:      layout_loops_ring
D:9:      minmay_imperfect_grid, layout_basic, david_lair_shrubbed,
          gammafunk_ghost_necromancy, uniq_prince_ribbit1
D:10:     layout_cave_pools, erik_orc_1, serial_shops, shop
D:11:     layout_roguey, serial_bayou_pond_b, uniq_urug, uniq_maurice
D:12:     layout_basic
D:13:     layout_loops_ring, hellmonk_scale_shop, uniq_josephine
D:14:     layout_basic, lightli_vaults_fourway_checkpoint, minivault_11
D:15:     hellmonk_depths_entry_around_the_bend, layout_basic,
          minmay_protected_statue
Lair:1:   layout_cave_pods, infiniplex_staircase_pool, lemuel_fruit_fields,
          lemuel_fruit_fields, uniq_erica, uniq_nergalle
Lair:2:   layout_chaotic_city, minivault_24, minivault_19
Lair:3:   layout_loops_ring, shoals_dummy_entry,
          minmay_snake_entry_guardpost_large, uniq_fannar
Lair:4:   layout_misc_corridors, grunt_megastairs_3
Lair:5:   cheibrodos_lair_end_hotspot, layout_long_grid,
          minmay_slime_entry_oklob_enclosed
Shoals:1: cheibrodos_shoals_satyrical_garden, layout_shoals, serial_shops, shop,
          abandoned_shop
Shoals:2: layout_shoals, nicolae_shoals_goliath_grotto, uniq_ilsuiw
Shoals:3: layout_shoals, uniq_jorgrun, uniq_aizul
Shoals:4: shoals_end_hellmonk_lost_city
Snake:1:  nicolae_snake_unarmed_stairs_patrol, layout_onion, minmay_shop_star
Snake:2:  layout_rooms, st_stairs_9
Snake:3:  layout_rooms, basic_altar, uniq_donald, uniq_vashnia
Snake:4:  snake_pit, layout_cave_town, basic_altar, minmay_shoptagon
Orc:1:    layout_caves, nicolae_shop_self_help
Orc:2:    st_orc_ogre_mass, layout_caves
Elf:1:    eino_elf_arrival_customs, layout_gridlike, nicolae_elf_crossing_hall
Elf:2:    nicolae_elf_blades_splatter_lattice [nicolae_blade_tridents],
          layout_geoelf_diagonals, serial_shops, shop, nicolae_square_shop, shop
Elf:3:    minmay_elf_hall_curves, layout_geoelf_castle, uniq_roxanne
Vaults:1: nicolae_vaults_storage_closets_3, nicolae_vaults_closet_pinwheel_4,
          vaults_room_grunt_arrival_ludios, nicolae_vaults_little_squares_5,
          nicolae_vaults_big_angled_halls, vaults_room_fours,
          nicolae_vaults_whirlpool_walls, nicolae_vaults_network_barrier,
          v_misc_26, nicolae_vaults_trapezoid_lopsided_4,
          nicolae_vaults_diamond_1, layout_vaults_big_room, serial_shops,
          nicolae_shop_rolling_square
Vaults:2: hangedman_vaults_variations, vaults_dpeg_diagonal, v_alt_pattern_2,
          v_misc_23, gammafunk_sealed_library, nicolae_vaults_network_periphery,
          v_pattern_1, minmay_crypt_entry_simple_plaza, v_alt_pattern_3,
          ontoclasm_vaults_tryst, dpeg_vaults_monster_box,
          nicolae_vaults_wine_cellar, layout_vaults_maze_bifur, uniq_saint_roka
Vaults:3: v_misc_11, grunt_vaults_swirl, nicolae_vaults_variable_pillar_hall,
          hangedman_vaults_stream, nicolae_vaults_double_plus_1,
          nicolae_vaults_library_corner, nicolae_vaults_sightless_eye,
          serial_library_hellmonk_reading_circle, nicolae_vaults_house_1,
          layout_vaults_omnigrid, uniq_sojobo
Vaults:4: v_rooms_5, vaults_room_grid, nicolae_vaults_mini_display_case,
          nicolae_vaults_trapezoid_2, nicolae_vaults_door_testing_chamber,
          nicolae_vaults_shelves_hall, v_misc_4, nicolae_vaults_cornered_office,
          nicolae_vaults_asterisk, grunt_vaults_diagonal, v_misc_32,
          v_alt_pattern_4, nicolae_vaults_tangram_1,
          ontoclasm_vaults_decontamination, layout_vaults_big_cross,
          nicolae_trove_entry_diagonal
Vaults:5
Crypt:1:  layout_chaotic_city, hex_medium, grunt_crypt_arrival_split,
          uniq_mennas, uniq_josephina
Depths:1: grunt_deathspiral_small, layout_gridville, grunt_hell_entry_dis_old,
          serial_shops, nicolae_diamond_shop, serial_bayou, serial_bayou_lake_a,
          serial_bayou_pond_d, serial_bayou_pond_a, serial_bayou_pond_c,
          kennysheep_generic_room_14, uniq_asterion
Depths:2: nzn_winding_woodlands_small [nzn_winding_woodlands_5x15_pockets,
          nzn_winding_woodlands_center_garden,
          nzn_winding_woodlands_5x15_zeroes], layout_cave_pools,
          enter_ziggurat_d, pf_hell_entry_tar_river, rand_demon_pan_entry_3,
          abyss_entry, serial_shops, shop, uniq_nikola
Depths:3: mu_elemental_laboratory, layout_cave_pools, pan_entry,
          kennysheep_small_spiral, abyss_entry, grunt_metal_band, serial_shops,
          shop, shop_fountains, shop, nicolae_shop_drivethru,
          nicolae_shop_behind_doors, infiniplex_staircase_zigzag_4,
          serial_bayou_shore_b
Depths:4: evilmike_zot_entry_hall, layout_cave_shapes, pf_coc_iceberg,
          hangedman_abyss_entry_splay
Zot:1:    layout_basic, regret_index_zotdec_wing_it, grunt_megastairs_4
Zot:2:    layout_basic, grunt_megastairs_5
Zot:3:    layout_cathedral_of_symmetry, evilmike_ambush
          [evilmike_ambush_outer_corners, evilmike_ambush_inner_pond]
Zot:4:    circus_mu, layout_concentric_octagons,
          regret_index_zotdec_silver_v_v_loose, hellmonk_greenhouse_of_terror,
          uniq_parghit
Zot:5:    layout_misc_corridors, st_stairs_9

Skill      XL: |  1  2  3  4  5  6  7  8  9 10 11 12 13 14 15 16 17 18 19 20 21 22 23 24 25 26 27 |
---------------+----------------------------------------------------------------------------------+-----
Fire Magic     | 2 3 4 5 6 7 8 9 10 11 12 13 15 16 17 | 17.8
Invocations    | 1 2 3 4 5 6 7 8 9 10 11 12 13 14 15 16 17 18 19 20 | 20.2
Short Blades   | 1 2 3 4 5 6 7 8 9 10 11 12 13 14 15 16 17 18 | 18.7
Long Blades    | 1 2 3 4 5 6 7 8 9 10 11 12 13 14 15 16 17 18 | 18.7
Axes           | 1 2 3 4 5 6 7 8 9 10 11 12 13 14 15 16 17 18 | 18.7
Maces & Flails | 1 2 3 4 5 6 7 8 9 10 11 12 13 14 15 16 17 18 | 18.7
Polearms       | 1 2 3 4 5 6 7 8 9 10 11 12 13 14 15 16 17 18 | 18.7
Staves         | 1 2 3 4 5 6 7 8 9 10 11 12 13 14 15 16 17 18 | 18.7
Throwing       | 1 2 3 4 5 6 7 8 9 10 11 12 13 14 15 16 17 19 20 21 22 | 22.0
Armour         | 1 2 3 4 5 6 7 8 9 10 11 12 13 14 15 16 17 18 | 18.7
Stealth        | 1 2 3 4 5 6 7 8 9 10 11 12 13 14 15 16 17 18 | 18.7
Shields        | 1 2 3 4 5 6 7 8 9 10 11 12 13 14 15 16 17 18 | 18.7
Unarmed Combat | 1 2 3 4 5 6 7 8 9 10 11 12 13 14 15 16 17 18 | 18.7
Evocations     | 1 2 3 4 5 6 7 8 9 10 11 12 13 14 15 16 17 18 | 18.7
Shapeshifting  | 1 2 3 4 5 6 7 8 9 10 11 12 13 14 15 16 17 | 17.2
Spellcasting   | 3 4 5 6 7 8 9 10 11 12 13 14 15 16 17 18 | 18.9
Conjurations   | 1 2 3 4 5 6 7 8 9 10 11 12 13 14 15 | 15.9
Summonings     | 1 2 3 4 5 6 7 8 9 10 11 12 13 14 15 | 15.9
Necromancy     | 1 2 3 4 5 6 7 8 9 10 11 12 13 14 15 | 15.9
Translocations | 1 2 3 4 5 6 7 8 9 10 11 12 13 14 15 | 15.9
Ice Magic      | 1 2 3 4 5 6 7 8 9 10 11 12 13 14 15 | 15.9
Air Magic      | 1 2 3 4 5 6 7 8 9 10 11 12 13 14 15 | 15.9
Earth Magic    | 1 2 3 4 5 6 7 8 9 10 11 12 13 14 15 | 15.9
Alchemy        | 1 2 3 4 5 6 7 8 9 10 11 12 13 14 15 | 15.9
Fighting       | 3 4 5 6 7 8 9 10 11 12 13 14 15 16 17 18 | 18.8
Ranged Weapons | 5 6 7 8 9 10 11 12 13 14 15 16 18 19 20 21 22 | 22.1
Dodging        | 5 6 7 8 9 10 11 12 13 14 15 16 17 18 19 | 19.2
Hexes          | 6 7 8 9 10 11 12 13 14 15 16 | 16.7

Action                     |  1- 3 |  4- 6 |  7- 9 | 10-12 | 13-15 | 16-18 | 19-21 | 22-24 | 25-27 || total
---------------------------+-------+-------+-------+-------+-------+-------+-------+-------+-------++-------
  Melee: Spear             |       |    16 |    86 |   558 |     4 |       |       |       |       ||   664
         Bite              |       |     2 |    24 |   113 |   116 |   160 |   167 |   299 |   113 ||   994
         Punch             |       |     2 |     7 |    17 |       |       |       |       |       ||    26
         Falchion          |       |       |     8 |    52 |       |       |       |       |       ||    60
         Dagger            |       |       |    13 |   102 |    71 |    21 |       |       |       ||   207
         Sling             |       |       |       |     1 |       |     1 |       |       |       ||     2
         Scimitar          |       |       |       |    53 |   574 |   100 |       |       |       ||   727
         Trident           |       |       |       |       |       |   407 |  1036 |  1437 |   164 ||  3044
         War axe           |       |       |       |       |       |   511 |    32 |    41 |       ||   584
         Demon trident     |       |       |       |       |       |    46 |    10 |       |       ||    56
         Short sword       |       |       |       |       |       |       |       |    16 |       ||    16
         Morningstar       |       |       |       |       |       |       |       |    71 |   104 ||   175
         Staff             |       |       |       |       |       |       |       |    16 |       ||    16
         Great mace        |       |       |       |       |       |       |       |       |   311 ||   311
   Fire: Sling             |   107 |   156 |   220 |   307 |   735 |  1025 |   160 |   129 |       ||  2839
         Orcbow            |       |       |       |    15 |       |       |       |       |       ||    15
         Arbalest          |       |       |       |       |       |       |       |       |   258 ||   258
  Throw: Javelin           |       |       |       |       |       |     5 |     2 |       |    13 ||    20
   Cast: Jinxbite          |       |     4 |    14 |    23 |     8 |     2 |       |       |       ||    51
         Slow              |       |     2 |    16 |    15 |    14 |       |       |       |       ||    47
         Frozen Ramparts   |       |       |     8 |    34 |    37 |    29 |    21 |    20 |     4 ||   153
         Necrotise         |       |       |     4 |    13 |    13 |       |       |       |       ||    30
         Summon Small Mamm |       |       |       |    11 |     6 |       |       |       |       ||    17
         Mephitic Cloud    |       |       |       |     3 |    45 |    37 |    22 |    27 |     3 ||   137
         Ignite Poison     |       |       |       |       |    17 |    33 |    26 |    54 |    15 ||   145
         Call Canine Famil |       |       |       |       |     5 |     9 |     5 |       |       ||    19
         Apportation       |       |       |       |       |     5 |       |       |     5 |     1 ||    11
         Dazzling Flash    |       |       |       |       |     4 |    23 |    10 |     3 |       ||    40
         Manifold Assault  |       |       |       |       |       |    18 |    30 |    75 |    34 ||   157
         Borgnjor's Vile C |       |       |       |       |       |     7 |    28 |    68 |    44 ||   147
         Olgreb's Toxic Ra |       |       |       |       |       |       |     8 |    28 |    16 ||    52
         Passage of Golubr |       |       |       |       |       |       |     4 |     3 |       ||     7
         Lee's Rapid Decon |       |       |       |       |       |       |       |    34 |    12 ||    46
         Sublimation of Bl |       |       |       |       |       |       |       |    27 |     2 ||    29
         Irradiate         |       |       |       |       |       |       |       |     4 |       ||     4
         Summon Forest     |       |       |       |       |       |       |       |     6 |     2 ||     8
         Summon Mana Viper |       |       |       |       |       |       |       |     3 |     4 ||     7
         Fugue of the Fall |       |       |       |       |       |       |       |       |     5 ||     5
         Passwall          |       |       |       |       |       |       |       |       |     3 ||     3
 Invoke: Curse Item        |       |     1 |     2 |     1 |     5 |     1 |       |     1 |     2 ||    13
         Shatter the Chain |       |       |       |     3 |       |     1 |       |     1 |     2 ||     7
Ability: Evoke Blink       |       |       |       |       |       |     1 |     1 |     1 |     2 ||     5
         Evoke Invisibilit |       |       |       |       |       |       |       |       |     1 ||     1
  Evoke: Wand              |       |       |     2 |    11 |     5 |    23 |     4 |     2 |       ||    47
    Use: Scroll            |     1 |     5 |     1 |     3 |     3 |     8 |     5 |     3 |    13 ||    42
         Potion            |       |       |     1 |     2 |       |    10 |     6 |     4 |    18 ||    41
   Stab: Paralysed         |       |       |       |     4 |       |     3 |       |       |       ||     7
         Sleeping          |       |       |       |     1 |     6 |     7 |    23 |    33 |     6 ||    76
         Distracted        |       |       |       |     5 |     3 |     5 |    12 |    18 |     3 ||    46
         Confused          |       |       |       |     3 |    29 |    29 |    11 |    21 |       ||    93
         Invisible         |       |       |       |       |     2 |    32 |     6 |       |    11 ||    51
 Armour: Robe              |    12 |    24 |       |       |       |       |       |       |       ||    36
         Leather armour    |       |    17 |   109 |   141 |       |       |       |       |       ||   267
         Acid dragon scale |       |       |       |   248 |   154 |       |       |       |       ||   402
         Ring mail         |       |       |       |    12 |    83 |   207 |       |   289 |       ||   591
         Ice dragon scales |       |       |       |       |       |   306 |   282 |   118 |       ||   706
         Fire dragon scale |       |       |       |       |       |       |       |     6 |       ||     6
         Scale mail        |       |       |       |       |       |       |       |   113 |   153 ||   266
         Plate armour      |       |       |       |       |       |       |       |       |   481 ||   481
  Dodge: Dodged            |    31 |    41 |   176 |   526 |   306 |   644 |   384 |   870 |   620 ||  3598
  Block: Kite shield       |       |       |       |   587 |   882 |  1462 |   656 |  1035 |    69 ||  4691
         Reflection        |       |       |       |       |    42 |   145 |       |       |       ||   187

Table legend: (Time is in decaauts)
 A = Elapsed time spent in this place.
 B = Non-inter-level travel time spent in this place.
 C = Inter-level travel time spent in this place.
 D = Time resting spent in this place.
 E = Time spent auto-exploring this place.
 F = Levels seen in this place.
 G = Mean time per level.
                   A        B        C        D        E       F      G
               +--------+--------+--------+--------+--------+-----+--------+
         Total |  67513 |  61233 |   6280 |  11421 |  27556 |  49 | 1377.8 |
       Dungeon |  20083 |  17183 |   2900 |   2536 |   9840 |  15 | 1338.9 |
          Lair |   7519 |   6749 |    770 |    469 |   3757 |   5 | 1503.8 |
        Shoals |   5992 |   5789 |    203 |   1284 |   2210 |   4 | 1498.0 |
     Snake Pit |   4663 |   4428 |    235 |    856 |   2051 |   4 | 1165.8 |
  Orcish Mines |   1363 |   1286 |     77 |      0 |    762 |   2 |  681.5 |
   Elven Halls |   3755 |   3600 |    155 |      6 |   2015 |   3 | 1251.7 |
        Vaults |  11319 |  10250 |   1069 |   1555 |   4727 |   5 | 2263.8 |
         Crypt |    306 |    306 |      0 |      0 |      0 |   1 |  306.0 |
        Depths |   8943 |   8078 |    865 |   2560 |   2172 |   4 | 2235.8 |
           Zot |   3508 |   3507 |      1 |   2154 |     20 |   5 |  701.6 |
         Trove |     58 |     58 |      0 |      0 |      0 |   1 |   58.0 |
               +--------+--------+--------+--------+--------+-----+--------+

Top non-repeatable levels by time:
Depths:1: 3591 daAuts
     D:9: 3136 daAuts
    D:15: 2997 daAuts
Depths:3: 2882 daAuts
Vaults:2: 2545 daAuts
Vaults:1: 2463 daAuts
Vaults:4: 2260 daAuts
  Lair:5: 2180 daAuts
Vaults:5: 2127 daAuts
Shoals:2: 1960 daAuts
Vaults:3: 1923 daAuts
 Snake:4: 1916 daAuts
  Lair:1: 1700 daAuts
     D:8: 1648 daAuts
   Zot:2: 1644 daAuts
